 Dungeon Crawl Stone Soup version 0.30-a0-358-g0d69a1922f (webtiles) character file.

Game seed: 4734549427977594653

6030 mopl the Cleaver (level 10, -6/88 HPs)
             Began as a Hill Orc Delver on Nov 9, 2022.
             Was an Elder of Beogh.
             Mangled by an acid dragon (8 damage)
             ... on level 9 of the Dungeon.
             The game lasted 00:10:17 (7299 turns).

mopl the Cleaver (Hill Orc Delver)                  Turns: 7299, Time: 00:10:18

Health: -6/88      AC: 16    Str: 20    XL:     10   Next: 86%
Magic:  5/15       EV:  9    Int: 10    God:    Beogh [****..]
Gold:   484        SH:  0    Dex: 12    Spells: 9/9 levels left

rFire   . . .      SeeInvis .    a - +2 hand axe (elec)
rCold   . . .      Faith    +    (no shield)
rNeg    . . .      Spirit   .    r - +0 chain mail
rPois   +          Reflect  .    E - +0 helmet
rElec   .          Harm     .    N - +2 cloak
rCorr   .          Rampage  .    (no gloves)
Will    .....                    L - +0 pair of boots
Stlth   ..........               y - amulet of faith {!P}
HPRegen 0.34/turn                w - ring of poison resistance
MPRegen 0.14/turn                M - +4 ring of slaying

@: marked
A: no striking features
a: Renounce Religion, Smiting, Recall Orcish Followers


You were on level 9 of the Dungeon.
You worshipped Beogh.
Beogh was greatly pleased with you.
You visited 1 branch of the dungeon, and saw 9 of its levels.

You collected 484 gold pieces.

Inventory:

Hand Weapons
 a - a +2 hand axe of electrocution (weapon)
 o - the +4 spear "Nolivewn" {flame, +Blink}
   (You found it on level 3 of the Dungeon)

   It burns those it strikes, dealing additional fire damage.
   +Blink:    It lets you blink.
 O - the +10 spear of Oweiseunih {antimagic, rN+}
   (You found it on level 8 of the Dungeon)

   It reduces the magical energy of the wielder, and disrupts the spells and
   magical abilities of those it strikes.
   Natural abilities and divine invocations are not affected.
   rN:        It protects you from negative energy.
Missiles
 b - 6 javelins
 l - 16 poisoned darts (quivered)
 p - 9 boomerangs
 J - 5 curare-tipped darts
Armour
 r - a +0 chain mail (worn)
 E - a +0 helmet (worn)
 L - a +0 pair of boots (worn)
 N - a +2 cloak (worn)
Jewellery
 w - a ring of poison resistance (left hand)
 y - an amulet of faith (around neck) {!P}
 A - an amulet of regeneration
 F - the amulet "Kunloeti" {Acrobat *Slow Int+5 Dex+6}
   (You found it on level 6 of the Dungeon)

   [amulet of the acrobat]

   It increases your evasion while moving and waiting.
   Int:       It affects your intelligence (+5).
   Dex:       It affects your dexterity (+6).
   *Slow:     It may slow you when you take damage.
 M - a +4 ring of slaying (right hand)
Wands
 g - a wand of digging (3)
 h - a wand of iceblast (4)
 m - a wand of polymorph (14)
 B - a wand of flame (2)
Scrolls
 c - a scroll of fog
 d - 3 scrolls of magic mapping
 e - a scroll of fear
 i - 2 scrolls of teleportation {unknown}
 n - 9 scrolls of identify {unknown}
 t - a scroll of vulnerability {unknown}
 v - a scroll of enchant weapon {unknown}
 D - a scroll of acquirement {unknown}
 I - a scroll of immolation {unknown}
 K - 2 scrolls of blinking {unknown}
Potions
 f - 2 potions of haste
 j - a potion of lignification {!q}
 k - a potion of attraction {unknown}
 q - a potion of magic {unknown}
 s - 3 potions of flight
 u - 2 potions of invisibility {unknown}
 x - a potion of degeneration {unknown}
 z - 3 potions of curing
 C - 2 potions of might {unknown}
 G - 2 potions of brilliance {unknown}
 H - a potion of cancellation {unknown}


   Skills:
 + Level 7.7 Fighting
 * Level 11.0 Axes
 + Level 4.7 Throwing
 + Level 6.3 Armour
 + Level 4.8 Dodging
 - Level 4.1 Stealth
 + Level 6.9 Invocations
 + Level 5.5 Evocations


You had 9 spell levels left.
You didn't know any spells.
Your spell library contained the following spells:

 Spells                   Type           Power      Damage    Failure   Level
 Magic Dart               Conj           0%         1d3       97%         1
 Call Imp                 Summ           0%         N/A       99%         2
 Ensorcelled Hibernation  Hex/Ice        0%         N/A       99%         2
 Passwall                 Tmut/Erth      0%         N/A       99%         2
 Sublimation of Blood     Necr           0%         N/A       99%         2
 Mephitic Cloud           Conj/Pois/Air  0%         N/A       100%        3
 Swiftness                Air            0%         N/A       100%        3
 Petrify                  Tmut/Erth      0%         N/A       100%        4
 Irradiate                Conj/Tmut      0%         3d11      100%        5


Dungeon Overview and Level Annotations

Branches:
Dungeon (9/15)             Temple (0/1) D:7
   Lair: D:8-11         Orc: D:9-12

Altars:
Ashenzari
Cheibriados
Elyvilon
Fedhas
Hepliaklqana
Makhleb
Nemelex Xobeh
Qazlal
Ru
Trog
Uskayaw
Wu Jian
Yredelemnul

Shops:
D:4 =*


Message History

The acid dragon claws you but does no damage.
Things that are here:
a +1 trident of venom; a +0 leather armour; an orc corpse You slash the acid dragon!
The acid dragon is moderately wounded.
You hit something. Lightning courses through something!
You hear some strange, mumbled words.
Something tries to affect you, but you resist.
The acid dragon bites you but does no damage.
The acid dragon claws you but does no damage.
Your orc warrior barely misses the acid dragon.
Your orc knight closely misses the acid dragon.
You closely miss the acid dragon.
The acid dragon is moderately wounded.
You hit something. Something hits you.
* * * LOW HITPOINT WARNING * * *
Something bites you.
* * * LOW HITPOINT WARNING * * *
Something draws strength from your injuries!
The acid dragon spits acid at you. The splash of acid hits you!
* * * LOW HITPOINT WARNING * * *
Your orc warrior closely misses the acid dragon.
Your orc knight closely misses the acid dragon.
You closely miss the acid dragon.
The acid dragon is moderately wounded.
You slash something! Beogh accepts your kill.
Reactivating autopickup.
You feel a bit more experienced.
Your orc warrior looks more experienced.
Your orc warrior hits the acid dragon with a +0 flail!
The acid dragon closely misses your orc warrior.
The acid dragon claws your orc warrior but does no damage.
You closely miss the acid dragon.
The acid dragon is severely wounded.
Your orc knight barely misses the acid dragon.
Your orc warrior misses the acid dragon.
The acid dragon bites you!
You die...

##### .## ....## .. ...
#....########.# #...
###......#....# #.>#
###..........# ..#
......#####..## ##.#
......####....###..#
###..........)).o.#
#........####.D@.####.#
##..#...### ##)o.))...#
#.####..######...##.....#
.## #..........## ##....
.# ##.......### ... ##
######### ## .# .# .#


You could see an acid dragon (catching breath, ally target), a friendly orc
knight and a friendly orc warrior.

Vanquished Creatures
  A boulder beetle (D:6)
  Maggie (D:8)
  A kobold demonologist (D:9)
  Grinder (D:3)
  A vampire (D:9)
  Eustachio (D:4)
  A vampire mosquito (D:6)
  A swamp worm (D:8)
  2 black bears (D:6)
  An orc warrior (D:6)
  2 ice beasts
  3 ogres
  3 centaurs
  3 phantoms (D:5)
  A gnoll sergeant (D:8)
  A necrophage (D:7)
  3 bullfrogs
  2 scorpions (D:5)
  9 wights
  2 howler monkeys
  5 hounds
  3 jellies
  2 gnoll boudas
  Crazy Yiuf (D:7)
  Ijyb (D:4)
  2 iguanas (D:6)
  2 orc wizards
  15 gnolls
  7 adders
  A shadow imp (D:7)
  2 white imps
  2 ufetubi
  3 worms
  2 dart slugs
  11 orcs
  8 endoplasms
  6 giant cockroaches
  8 hobgoblins
  2 jackals (D:4)
  3 quokkas
  12 ball pythons
  9 bats
  4 frilled lizards
  10 goblins
  12 kobolds
  3 rats
176 creatures vanquished.

Vanquished Creatures (collateral kills)
  Harold (D:9)
  Joseph (D:9)
  A swamp worm (D:8)
  2 water moccasins
  A black bear (D:6)
  A sky beast (D:7)
  2 ogres
  A bullfrog (D:9)
  5 wights
  An orc priest (D:6)
  2 orc wizards
  A gnoll (D:7)
  4 orcs
  A giant cockroach (D:9)
24 creatures vanquished.

Vanquished Creatures (others)
  2 orc warriors
  3 orc priests
  An adder (D:5)
  7 orcs
  A bush (D:7)
  2 fungi (D:7)
  18 plants
34 creatures vanquished.

Grand Total: 234 creatures vanquished

Notes
Turn   | Place    | Note
-------+----------+-------------------------------------------
     0 | D:5      | mopl the Hill Orc Delver began the quest for the Orb.
     0 | D:5      | Reached XP level 1. HP: 19/19 MP: 1/1
    39 | D:5      | Noticed an orc priest
    41 | D:5      | Reached skill level 3 in Axes
    41 | D:5      | Reached XP level 2. HP: 17/27 MP: 2/2
    45 | D:5      | Became a worshipper of Beogh the Brigand
    87 | D:4      | Noticed a scorpion
   105 | D:4      | Reached skill level 4 in Fighting
   105 | D:4      | Reached skill level 1 in Armour
   105 | D:4      | Reached XP level 3. HP: 27/33 MP: 3/3
   203 | D:4      | Reached skill level 1 in Evocations
   382 | D:3      | Reached XP level 4. HP: 33/40 MP: 4/4
   420 | D:3      | Found a hide-covered altar of Uskayaw.
   420 | D:3      | Found a broken altar of Ashenzari.
   604 | D:3      | Found a stormy altar of Qazlal.
   647 | D:3      | Identified the +4 spear "Nolivewn" {flame, +Blink}
   662 | D:3      | Reached skill level 2 in Dodging
   662 | D:3      | Noticed Grinder
   672 | D:3      | Reached skill level 4 in Axes
   678 | D:3      | Paralysed by Grinder for 2 turns
   684 | D:3      | Killed Grinder
   685 | D:3      | Reached skill level 1 in Throwing
   685 | D:3      | Reached skill level 2 in Armour
   685 | D:3      | Reached skill level 1 in Invocations
   685 | D:3      | Reached XP level 5. HP: 32/47 MP: 4/6
   685 | D:3      | Reached XP level 6. HP: 36/53 MP: 4/7
   752 | D:3      | Reached * piety under Beogh
   753 | D:3      | Reached skill level 5 in Axes
  1283 | D:1      | Reached skill level 2 in Invocations
  1475 | D:2      | Found a faded altar of an unknown god.
  1660 | D:2      | Reached ** piety under Beogh
  1825 | D:2      | Reached skill level 2 in Evocations
  2008 | D:3      | Found a hazy altar of Hepliaklqana.
  2256 | D:3      | Found a burning altar of Makhleb.
  2735 | D:4      | Noticed Ijyb
  2751 | D:4      | Killed Ijyb
  2762 | D:4      | Found Zace's One-of-a-Kind Rings.
  2787 | D:4      | Found Wuewenekuc's Whimsical Warehouse.
  2800 | D:4      | Reached XP level 7. HP: 60/60 MP: 8/8
  3013 | D:4      | Found a snail-covered altar of Cheibriados.
  3184 | D:4      | Noticed Eustachio
  3419 | D:4      | Killed Eustachio
  3420 | D:4      | Reached skill level 5 in Fighting
  3420 | D:4      | Reached skill level 6 in Axes
  3420 | D:4      | Reached skill level 2 in Throwing
  3420 | D:4      | Reached skill level 3 in Armour
  3574 | D:4      | Found a sparkling altar of Nemelex Xobeh.
  3639 | D:5      | Reached skill level 3 in Invocations
  3738 | D:5      | HP: 2/61 [howler monkey (6)]
  3748 | D:5      | Reached XP level 8. HP: 13/68 MP: 3/10
  3754 | D:5      | Reached skill level 3 in Dodging
  3764 | D:5      | Reached skill level 3 in Evocations
  4049 | D:5      | Reached skill level 7 in Axes
  4509 | D:5      | Reached skill level 3 in Throwing
  4509 | D:5      | Reached skill level 4 in Armour
  4509 | D:5      | Reached skill level 4 in Invocations
  4530 | D:6      | Found a blossoming altar of Fedhas.
  4554 | D:6      | Reached *** piety under Beogh
  4713 | D:6      | Reached skill level 6 in Fighting
  4717 | D:6      | Reached XP level 9. HP: 72/75 MP: 12/12
  4718 | D:6      | Found a bloodstained altar of Trog.
  4728 | D:6      | Reached skill level 8 in Axes
  4751 | D:6      | Found a broken altar of Ashenzari.
  4845 | D:6      | Found a basalt altar of Yredelemnul.
  4847 | D:6      | Noticed a boulder beetle
  4867 | D:6      | Killed a boulder beetle
  4868 | D:6      | Reached skill level 5 in Invocations
  4868 | D:6      | Reached skill level 4 in Evocations
  4942 | D:6      | Identified the amulet "Kunloeti" {Acrobat *Slow Int+5
                  | Dex+6}
  5175 | D:7      | Found a staircase to the Ecumenical Temple.
  5187 | D:7      | Gained Boldo as an ally
  5188 | D:7      | Reached skill level 9 in Axes
  5188 | D:7      | Reached skill level 5 in Armour
  5200 | D:7      | Reached skill level 4 in Dodging
  5271 | D:7      | Found an ornate altar of the Wu Jian Council.
  5390 | D:7      | Your ally Boldo died
  5404 | D:7      | HP: 2/78 [centaur/arrow (9)]
  5626 | D:7      | Found a runed translucent door.
  5627 | D:7      | Noticed Crazy Yiuf
  5667 | D:7      | Reached **** piety under Beogh
  5668 | D:7      | Reached skill level 4 in Throwing
  5994 | D:7      | Killed Crazy Yiuf
  6075 | D:8      | Reached XP level 10. HP: 73/84 MP: 14/14
  6083 | D:8      | Reached skill level 7 in Fighting
  6325 | D:8      | Reached skill level 6 in Invocations
  6453 | D:8      | Noticed Maggie
  6463 | D:8      | Killed Maggie
  6464 | D:8      | Reached skill level 10 in Axes
  6580 | D:8      | Reached skill level 5 in Evocations
  7004 | D:8      | Identified the +10 spear of Oweiseunih {antimagic, rN+}
  7089 | D:9      | Found a sacrificial altar of Ru.
  7253 | D:9      | Noticed Joseph
  7262 | D:9      | Killed Joseph
  7263 | D:9      | Reached skill level 6 in Armour
  7264 | D:9      | Noticed Harold
  7271 | D:9      | Noticed a kobold demonologist
  7274 | D:9      | Killed Harold
  7280 | D:9      | Killed a kobold demonologist
  7281 | D:9      | Reached skill level 11 in Axes
  7297 | D:9      | HP: 1/88 [acid dragon/splash of acid (10)]
  7299 | D:9      | Mangled by an acid dragon

Illustrated notes

Levels and vault maps discovered:
D:1:      minmay_arrival_three_doors, layout_loops_ring
D:2:      layout_rooms, ebering_ecumenical_altar_box
D:3:      layout_basic, bloody_makhleb, mainiacjoe_overflow_tiny_flanked,
          mainiacjoe_overflow_small_starburst, amethyst_overflow_temple_binary,
          serial_rivers, chequers_serial_rivers_large_b,
          chequers_serial_rivers_micro_c, chequers_serial_rivers_small_b,
          chequers_serial_rivers_small_a, guppyfry_early_orc_mine, uniq_grinder
D:4:      layout_basic, lemuel_crystal_altar, nemelex_dance_club_becter,
          st_stairs_4, nicolae_shop_unique_rings, serial_bayou_lagoon_a,
          nicolae_alphabet_shops, wad_rectangle_vault, uniq_ijyb, uniq_eustachio
D:5:      layout_basic, elyvilon_altar_5
D:6:      layout_basic, trog_ov_bears_minmay, mainiacjoe_overflow_24_doors,
          hangedman_feature_mirror
D:7:      minmay_general_purpose_star, layout_cave_pools,
          nicolae_wu_jian_immortal_techniques, minmay_temple_entry_large_hall,
          kb_lookout_dungeons_type, uniq_crazy_yiuf_cottage
D:8:      layout_basic, worms_lemuel, uniq_maggie
D:9:      layout_layer_cave, nicolae_ru_great_annihilating_truth, uniq_joseph,
          uniq_harold

Skill      XL: |  1  2  3  4  5  6  7  8  9 10 |
---------------+-------------------------------+-----
Axes           | 3 4 5 6 7 9 11 | 11.0
Fighting       | 4 5 6 7 |  7.7
Armour         | 1 2 3 4 5 6 |  6.3
Evocations     | 1 2 3 4 5 |  5.5
Dodging        | 2 3 4 |  4.8
Throwing       | 1 2 3 4 |  4.7
Invocations    | 1 2 3 4 5 6 |  6.9
Stealth        | |  4.1

Action                   |  1- 3 |  4- 6 |  7- 9 | 10-12 || total
-------------------------+-------+-------+-------+-------++-------
Melee: Hand axe          |    50 |   149 |   253 |   104 ||   556
       Spear             |       |    18 |       |       ||    18
       Punch             |       |     3 |     4 |     5 ||    12
       Unarmed           |       |     2 |       |       ||     2
Throw: Dart              |       |       |     4 |       ||     4
Invok: Convert to Beogh  |     1 |       |       |       ||     1
       Smiting           |       |       |     2 |     4 ||     6
Evoke: Wand              |     1 |     2 |       |     1 ||     4
  Use: Potion            |       |       |     3 |       ||     3
 Stab: Sleeping          |     1 |     1 |       |       ||     2
       Distracted        |       |       |       |     2 ||     2
       Paralysed         |       |       |       |     1 ||     1
Armor: Leather armour    |    14 |       |       |       ||    14
       Ring mail         |     4 |     6 |       |       ||    10
       Chain mail        |       |    71 |   141 |    37 ||   249
       Skin              |       |       |    16 |       ||    16
Dodge: Dodged            |    36 |    58 |   103 |    37 ||   234

Table legend: (Time is in decaauts)
 A = Elapsed time spent in this place.
 B = Non-inter-level travel time spent in this place.
 C = Inter-level travel time spent in this place.
 D = Time resting spent in this place.
 E = Time spent auto-exploring this place.
 F = Levels seen in this place.
 G = Mean time per level.
                   A        B        C        D        E       F      G
               +--------+--------+--------+--------+--------+-----+--------+
         Total |   7320 |   7107 |    213 |   1045 |   4523 |   9 |  813.3 |
       Dungeon |   7320 |   7107 |    213 |   1045 |   4523 |   9 |  813.3 |
               +--------+--------+--------+--------+--------+-----+--------+

Top non-repeatable levels by time:
     D:4: 1228 daAuts
     D:3: 1185 daAuts
     D:8: 1012 daAuts
     D:5: 974 daAuts
     D:7: 841 daAuts
     D:1: 675 daAuts
     D:6: 648 daAuts
     D:2: 504 daAuts
     D:9: 250 daAuts
